AoeStats
← matthijs.-

Arabia

509925640Analyzed
1v1 RM · 5d ago on Sep 28, 2026· 40m 40s· 2 players
Game mode
Random Map
Map size
Tiny (2 player)
Population
200
Speed
Normal
Resources
Standard
Victory
Conquest
Starting age
Dark Age
Ending age
Imperial Age
RankedLock teamsTeams togetherTeam positionsShared explorationLock speedFull tech treeHidden civsTurbo modeCheats
Victory
Defeat
🇧🇪 Hindustanis · Belgium
1148
+17
1167
-17
matthijs.-
6:40 Loom
8:46 Feudal Age
9:21 Double-Bit Axe
16:13 Forging
18:13 Horse Collar
22:44 Castle Age
20:55 Gold Mining
21:11 Scale Barding Armor
22:46 Bloodlines
24:02 Bow Saw
25:22 Husbandry
26:46 Iron Casting
27:38 Heavy Plow
29:08 Wheelbarrow
34:55 Town Watch
40:12 Imperial Age
37:30 Town Watch
38:00 Hand Cart
37:42 Stone Mining
39:19 Chain Barding Armor
39:27 Fletching
41:54 Plate Barding Armor
20 лет в аркаде
7:18 Loom
9:28 Feudal Age
12:39 Double-Bit Axe
13:04 Horse Collar
21:44 Castle Age
20:04 Gold Mining
20:29 Scale Barding Armor
21:56 Wheelbarrow
23:03 Bloodlines
22:53 Husbandry
23:44 Forging
23:51 Bow Saw
25:22 Fletching
25:53 Chain Barding Armor
27:06 Elite Skirmisher
28:24 Bow Saw
28:20 Bodkin Arrow
33:18 Padded Archer Armor
33:54 Iron Casting
34:30 Ballistics
34:50 Leather Archer Armor
34:14 Crossbowman
Connection lost

Rejoining the realm…

Still unreachable

The connection could not be restored.

Session expired

The server has moved on; the page needs a fresh start.